 Dungeon Crawl Stone Soup version 0.27-a0-1312-g5cdb2b3542 (webtiles) character file.

Game seed: 4988391665541565154

2419 hatdisgam the Chopper (level 9, 0/45 HPs)
             Began as a Gargoyle Earth Elementalist on June 19, 2021.
             Was a Believer of Cheibriados.
             Killed from afar by Dowan (7 damage)
             ... with a puff of flame
             ... on level 6 of the Dungeon.
             The game lasted 00:18:53 (9759 turns).

hatdisgam the Chopper (Gargoyle Earth Elementalist) Turns: 9759, Time: 00:18:53

Health: 0/45       AC: 20    Str: 20    XL:     9   Next: 48%
Magic:  1/12       EV: 10    Int: 23    God:    Cheibriados [**....]
Gold:   235        SH:  6    Dex: 17    Spells: 7/12 levels left

rFire    . . .     SeeInvis .   a - +0 hand axe
rCold    + . .     Faith    .   u - +1 buckler {rC+}
rNeg     + . .     Spirit   .   r - +0 scale mail of Zampur {*Corrode Will+ Str+2 Dex+2}
rPois    ∞         Reflect  .   (no helmet)
rElec    +         Harm     .   d - scarf {shadows}
rCorr    .         Rampage  .   v - +0 pair of gloves
Will     +....                  o - +0 pair of boots
Stlth    +.........             (no amulet)
HPRegen  0.15/turn              i - +4 ring of protection
MPRegen  0.13/turn              (no ring)

@: very slightly contaminated, very slow
A: sickness immunity, AC +6, negative energy resistance 1, electricity
resistance, torment resistance 1, petrification resistance
a: Renounce Religion, Bend Time


You were on level 6 of the Dungeon.
You worshipped Cheibriados.
Cheibriados was pleased with you.
You visited 1 branch of the dungeon, and saw 7 of its levels.

You collected 433 gold pieces.
You spent 198 gold pieces at shops.

Inventory:

Hand Weapons
 a - a +0 hand axe (weapon)
 t - a +2 vorpal flail
Missiles
 F - a curare-tipped dart
Armour
 b - a +0 robe
 d - a scarf of shadows (worn)
 f - a +0 buckler
 o - a +0 pair of boots (worn)
 r - the +0 scale mail of Zampur (worn) {*Corrode Will+ Str+2 Dex+2}
   (You bought it in a shop on level 3 of the Dungeon)

   It affects your strength (+2).
   It affects your dexterity (+2).
   It may corrode you when you take damage.
   It increases your willpower.
 u - a +1 buckler of cold resistance (worn)
 v - a +0 pair of gloves (worn)
Jewellery
 i - a +4 ring of protection (left hand)
 E - a +4 ring of protection
Wands
 y - a wand of flame (11)
 A - a wand of iceblast (13)
Scrolls
 e - a scroll of noise {unknown}
 h - 7 scrolls of identify
 k - a scroll of enchant armour {unknown}
 l - a scroll of fog {unknown}
 n - a scroll of vulnerability {unknown}
 p - 2 scrolls of teleportation
 s - a scroll of amnesia {unknown}
 w - a scroll of enchant weapon {unknown}
 B - 2 scrolls of blinking {unknown}
 C - a scroll of magic mapping {unknown}
 D - a scroll of holy word {unknown}
Potions
 g - 3 potions of curing {unknown}
 j - 3 potions of heal wounds {unknown}
 m - a potion of flight {unknown}
 q - a potion of cancellation {unknown}
 x - a potion of haste {unknown}
 z - a potion of magic {unknown}


   Skills:
 * Level 7.1 Axes
 + Level 5.4 Armour
 - Level 1.5 Dodging
 - Level 2.1 Stealth
 - Level 4.0 Shields
 - Level 2.4 Spellcasting
 - Level 3.5 Conjurations
 - Level 0.7 Transmutations
 + Level 4.0 Ice Magic
 - Level 6.2 Earth Magic


You had 7 spell levels left.
You knew the following spells:

 Your Spells              Type           Power      Damage    Failure   Level
a - Sandblast             Erth           62%        2d14      2%          1
b - Stone Arrow           Conj/Erth      50%        3d10      13%         3
c - Freeze                Ice            84%        1d10      6%          1

Your spell library contained the following spells:

 Spells                   Type           Power      Damage    Failure   Level
 Passwall                 Tmut/Erth      15%        N/A       12%         2
 Foxfire                  Conj/Fire      44%        2x1d6     16%         1
 Frozen Ramparts          Ice            42%        1d6       19%         3
 Ozocubu's Armour         Ice            21%        N/A       19%         3
 Sting                    Tmut/Pois      16%        1d3       28%         1
 Animate Skeleton         Necr           4%         N/A       32%         1
 Pain                     Necr           8%         1d4       32%         1
 Summon Small Mammal      Summ           8%         N/A       32%         1
 Conjure Flame            Conj/Fire      11%        6-21      43%         3
 Call Imp                 Summ           2%         N/A       45%         2
 Poisonous Vapours        Pois/Air       4%         N/A       45%         2
 Mephitic Cloud           Conj/Pois/Air  8%         N/A       52%         3
 Hailstorm                Conj/Ice       20%        3d6       56%         4
 Lee's Rapid Deconstruct  Erth           15%        3d11*     56%         5
 Petrify                  Tmut/Erth      18%        N/A       61%         4
 Ignite Poison            Fire/Tmut/Pois 3%         N/A       65%         3
 Call Canine Familiar     Summ           2%         N/A       69%         3
 Confusing Touch          Hex            2%         N/A       69%         3
 Gell's Gravitas          Tloc           1%         N/A       69%         3
 Inner Flame              Hex/Fire       2%         N/A       69%         3
 Summon Guardian Golem    Hex/Summ       2%         N/A       69%         3
 Vampiric Draining        Necr           1%         2d6       69%         3
 Summon Ice Beast         Ice/Summ       12%        N/A       82%         4
 Sticky Flame             Conj/Fire      11%        2d3       85%         4
 Animate Dead             Necr           1%         N/A       97%         4
 Olgreb's Toxic Radiance  Pois           2%         N/A       97%         4
 Summon Lightning Spire   Summ/Air       2%         N/A       97%         4
 Fireball                 Conj/Fire      5%         3d5       99%         5
 Metabolic Englaciation   Hex/Ice        6%         N/A       99%         5
 Agony                    Necr           2%         N/A       100%        5
 Yara's Violent Unravell  Hex/Tmut       2%         3d3       100%        5


Dungeon Overview and Level Annotations

Branches:
Dungeon (7/15)             Temple (0/1) D:6

Altars:
Cheibriados
Uskayaw
Vehumet
Wu Jian
Xom
Yredelemnul
The Shining One

Shops:
D:3 *   D:7 *

Annotations:
D:2 Terence
D:6 exclusion: 2 downstairs, Dowan


Innate Abilities, Weirdness & Mutations

You are immune to sickness and miasma.
Your stone body is resilient. (AC +6)
You are immune to poison.
You resist negative energy. (rN+)
You are resistant to electric shocks. (rElec)
You are resistant to unholy torment.
You are immune to petrification.


Message History

Aim: Dowan, wielding a +0 dagger, wearing a +0 robe and carrying a wand of flame (4) (almost dead, fast, 60% to hit)
You miscast Stone Arrow.
You are very lightly contaminated with residual magic.
Nothing appears to happen.
You block Dowan's attack.
Casting: Stone Arrow (dangerous; 13% risk of failure)
Confirm with . or Enter, or press ? or * to list all spells.
You don't have enough magic to cast this spell.
Unknown command.
Unknown command.
Casting: Stone Arrow (dangerous; 13% risk of failure)
Confirm with . or Enter, or press ? or * to list all spells.
You don't have enough magic to cast this spell.
Unknown command.
Casting: Stone Arrow (dangerous; 13% risk of failure)
Confirm with . or Enter, or press ? or * to list all spells.
You don't have enough magic to cast this spell.
Unknown command.
Casting: Stone Arrow (dangerous; 13% risk of failure)
Confirm with . or Enter, or press ? or * to list all spells.
Aiming: Freeze (safe; 6% risk of failure)
Press: ? - help, Shift-Dir - straight line, f/p - Dowan
Aim: Dowan, wielding a +0 dagger, wearing a +0 robe and carrying a wand of flame (4) (almost dead, fast)
You miscast Freeze.
Nothing appears to happen.
Dowan breathes, "And she was my only..."
Dowan misses you.
Dowan mumbles some strange words.
Dowan blinks!
Unknown command.
Unknown command.
Unknown command.
Dowan casts a spell at you. The shard of ice hits you! You partially resist.
* * * LOW HITPOINT WARNING * * *
Dowan hits you but does no damage.
You barely miss Dowan.
Dowan is almost dead.
Dowan gestures wildly while chanting.
Dowan blinks!
Dowan zaps a wand.
The puff of flame hits you!
You die...

#.##.# #.# #.##########
#.# #.##.####'##
#..........# #.#
#.##.......####.......##.#
#.#
#.##..........§#.####.##.#
#.# #.##...........#.#
#.##.# #.#
#.##...........#.# #.##.#
#.# #.###..........#e#
#.##.# #.# #.#
#....).....#.# #.##.# #.#
#.# #...)[.....#@# #.##.#
#.# #.# ######.....#.#
#.##.###.## #.######
#)....#.####.##......###
.......#
#............######....#
.......# #.....#.######
##.### .>.....# #.....#.#
#.###### #.# ......[#
###.###.###......# #.#
.......#
#...........####.# ###
.......#
#...........####.######


You could see Dowan (fast).

Vanquished Creatures
  Pikel (D:6)
  Eustachio (D:6)
  Duvessa (D:6)
  A water moccasin (D:6)
  3 black bears
  A sky beast (D:5)
  An ice beast (D:6)
  2 ogres (D:5)
  A lemure (D:6)
  A kobold brigand (D:6)
  3 scorpions
  A water moccasin skeleton (D:5)
  An iron imp (D:3)
  2 orc priests
  A gnoll shaman (D:6)
  3 hounds
  2 jellies
  A scorpion zombie (D:5)
  5 iguanas
  3 orc wizards (D:4)
  A hound skeleton (D:5)
  7 gnolls (D:6)
  6 adders
  An ufetubus (D:6)
  2 dart slugs
  6 orcs
  5 endoplasms
  3 giant cockroaches
  6 goblins
  8 hobgoblins
  4 jackals (D:1)
  7 kobolds
  6 quokkas
  10 ball pythons
  6 bats
  4 frilled lizards
  5 rats
122 creatures vanquished.

Vanquished Creatures (others)
  A plant (D:5)
1 creature vanquished.

Grand Total: 123 creatures vanquished

Notes
Turn   | Place    | Note
-------+----------+-------------------------------------------
     0 | D:1      | hatdisgam the Gargoyle Earth Elementalist began the quest
                  | for the Orb.
     0 | D:1      | Reached XP level 1. HP: 10/10 MP: 3/3
   167 | D:1      | Reached XP level 2. HP: 6/15 MP: 3/5
   743 | D:1      | Found a faded altar of an unknown god.
   884 | D:1      | Reached XP level 3. HP: 19/19 MP: 6/6
  1275 | D:1      | Reached skill level 1 in Shields
  1676 | D:3      | Noticed Terence
  2344 | D:2      | Noticed a scorpion
  2356 | D:2      | Killed a scorpion
  2357 | D:2      | Reached XP level 4. HP: 22/24 MP: 0/7
  2569 | D:2      | Reached XP level 5. HP: 26/28 MP: 8/8
  2879 | D:2      | Learned a level 3 spell: Stone Arrow
  3101 | D:3      | Found Upomoelu's Assorted Antiques.
  3105 | D:3      | Found an ornate altar of the Wu Jian Council.
  3218 | D:3      | Reached skill level 1 in Axes
  3287 | D:3      | Found a radiant altar of Vehumet.
  4097 | D:3      | Noticed a black bear
  4105 | D:3      | Killed a black bear
  4106 | D:3      | Reached skill level 2 in Axes
  4106 | D:3      | Reached skill level 1 in Conjurations
  4106 | D:3      | Reached skill level 5 in Earth Magic
  4106 | D:3      | Reached XP level 6. HP: 29/32 MP: 1/9
  4455 | D:3      | Found a snail-covered altar of Cheibriados.
  4535 | D:3      | Became a worshipper of Cheibriados the Contemplative
  4877 | D:3      | Bought a steaming scale mail for 198 gold pieces
  4877 | D:3      | Identified the +0 scale mail of Zampur {*Corrode Will+
                  | Str+2 Dex+2} (You bought it in a shop on level 3 of the
                  | Dungeon)
  4931 | D:4      | Found a basalt altar of Yredelemnul.
  4998 | D:4      | Found a glowing golden altar of the Shining One.
  5002 | D:4      | Noticed an angel
  5246 | D:4      | Reached skill level 1 in Armour
  5512 | D:4      | Reached XP level 7. HP: 36/36 MP: 7/10
  5556 | D:4      | Found a hide-covered altar of Uskayaw.
  5601 | D:4      | Reached skill level 3 in Axes
  5843 | D:4      | Found a shimmering altar of Xom.
  6118 | D:5      | Entered Level 5 of the Dungeon
  6121 | D:5      | Reached * piety under Cheibriados
  6329 | D:5      | Reached skill level 4 in Axes
  6359 | D:5      | Reached XP level 8. HP: 39/41 MP: 2/11
  6449 | D:5      | Learned a level 1 spell: Freeze
  6863 | D:5      | Reached skill level 1 in Ice Magic
  7456 | D:6      | Noticed Eustachio
  7460 | D:6      | Killed Eustachio
  7461 | D:6      | Reached skill level 5 in Axes
  7790 | D:6      | Reached ** piety under Cheibriados
  8401 | D:6      | Found a staircase to the Ecumenical Temple.
  8416 | D:6      | Reached skill level 6 in Axes
  8416 | D:6      | Reached XP level 9. HP: 29/45 MP: 2/12
  8662 | D:6      | Identified the +3 buckler of Ohim {+Blink rPois Regen+
                  | Dex-5}
  8933 | D:7      | Noticed a manticore
  8976 | D:7      | Found Nothrun's General Store.
  9025 | D:7      | Noticed Pikel
  9025 | D:7      | Noticed Dowan
  9135 | D:7      | Noticed Duvessa
  9151 | D:6      | Killed Pikel
  9152 | D:6      | Reached skill level 5 in Armour
  9722 | D:6      | Killed Duvessa
  9723 | D:6      | Reached skill level 7 in Axes
  9759 | D:6      | Killed from afar by Dowan

Illustrated notes

Levels and vault maps discovered:
D:1:      dpeg_arrival_houses_and_road, layout_rooms, basic_ecumenical_altar,
          minmay_pentomino_w4
D:2:      layout_loops_corners
D:3:      layout_basic, overflow_temple_1_default, amcnicky_altar_gilded,
          slow_altar_1, serial_shops,
          nicolae_shop_temple_entry_statues_fountains,
          cheibrodos_sewer_entry_sluice, minivault_23, uniq_terence
D:4:      layout_basic, grunt_temple_overflow_holy_war,
          nicolae_uskayaw_dance_hall, lemuel_crystal_altar
D:5:      layout_cave_pools, corexii_shack, eino_tiny_chamber
D:6:      layout_basic, minmay_temple_entry_proselytizer,
          kennysheep_another_room, uniq_eustachio
D:7:      layout_cave_pools, bloody_makhleb, serial_shops,
          nicolae_shop_behind_doors, nicolae_stop_n_shop_1,
          uniq_crazy_yiuf_cottage, uniq_pikel, uniq_duvessa

Skill      XL: |  1  2  3  4  5  6  7  8  9 |
---------------+----------------------------+-----
Earth Magic    | 4 5 6 |  6.2
Shields        | 3 4 |  4.0
Axes           | 2 4 6 7 |  7.1
Conjurations   | 1 2 3 |  3.5
Armour         | 1 2 4 5 |  5.4
Ice Magic      | 2 4 |  4.0
Dodging        | |  1.5
Stealth        | |  2.1
Spellcasting   | |  2.4
Transmutations | |  0.7

Action                   |  1- 3 |  4- 6 |  7- 9 || total
-------------------------+-------+-------+-------++-------
Melee: Hand axe          |    68 |   107 |   240 ||   415
 Cast: Sandblast         |    23 |    45 |    56 ||   124
       Freeze            |       |       |    35 ||    35
       Stone Arrow       |       |       |     2 ||     2
  Use: Scroll            |       |       |     2 ||     2
 Stab: Sleeping          |     4 |     1 |       ||     5
Armor: Robe              |    43 |    37 |       ||    80
       Scale mail        |       |    19 |   174 ||   193
Dodge: Dodged            |    61 |    64 |   152 ||   277
Block: Buckler           |     7 |    29 |    91 ||   127

Table legend: (Time is in decaauts)
 A = Elapsed time spent in this place.
 B = Non-inter-level travel time spent in this place.
 C = Inter-level travel time spent in this place.
 D = Time resting spent in this place.
 E = Time spent auto-exploring this place.
 F = Levels seen in this place.
 G = Mean time per level.
                   A        B        C        D        E       F      G
               +--------+--------+--------+--------+--------+-----+--------+
         Total |  10847 |  10295 |    552 |   1950 |   7014 |   7 | 1549.6 |
       Dungeon |  10847 |  10295 |    552 |   1950 |   7014 |   7 | 1549.6 |
               +--------+--------+--------+--------+--------+-----+--------+

Top non-repeatable levels by time:
     D:6: 3148 daAuts
     D:2: 1939 daAuts
     D:3: 1715 daAuts
     D:4: 1686 daAuts
     D:1: 1204 daAuts
     D:5: 1135 daAuts
     D:7: 18 daAuts
